 Dungeon Crawl Stone Soup version 0.28-a0-691-gad6df49e81 (webtiles) character file.

Game seed: 353791122533977129

1345 RepHenryClay the Slasher (level 8, 0/69 HPs)
             Began as a Naga Fighter on Oct 21, 2021.
             Slain by an orc (4 damage)
             ... on level 4 of the Dungeon.
             The game lasted 00:06:52 (5122 turns).

RepHenryClay the Slasher (Naga Fighter)             Turns: 5122, Time: 00:06:53

Health: 0/69       AC:  7    Str: 21    XL:     8   Next: 62%
Magic:  8/8        EV:  7    Int:  8    God:
Gold:   98         SH:  4    Dex: 11    Spells: 7/7 levels left

rFire   . . .      SeeInvis +   u - +7 Singing Sword {vorpal, sonic wave}
rCold   . . .      Faith    .   c - +0 buckler
rNeg    . . .      Spirit   .   b - +0 scale mail
rPois   +          Reflect  .   (no helmet)
rElec   .          Harm     .   p - +0 cloak
rCorr   .          Rampage  .   (no gloves)
Will    +....                   (no barding)
Stlth   ..........              (no amulet)
HPRegen 0.21/turn               (no ring)
MPRegen 0.11/turn               (no ring)

@: short of breath, marked, very slow
A: AC +2, large, see invisible, deformed body, poison resistance, slowness 2,
spit poison 1, naga tail 1
a: Spit Poison


You were on level 4 of the Dungeon.
You visited 1 branch of the dungeon, and saw 5 of its levels.

You collected 131 gold pieces.
You spent 33 gold pieces at shops.

Inventory:

Hand Weapons
 a - a +2 vorpal hand axe
 f - a +0 war axe
 u - the +7 Singing Sword (weapon) {vorpal, sonic wave}
   (You found it on level 4 of the Dungeon)

   It inflicts extra damage upon your enemies.
   It radiates damaging sonic waves as it strikes, especially in combat
   involving dangerous or numerous foes.
 A - a +4 rapier of electrocution
Missiles
 e - 15 poisoned darts (quivered)
 x - a throwing net
Armour
 b - a +0 scale mail (worn)
 c - a +0 buckler (worn)
 p - a +0 cloak (worn)
Jewellery
 l - an amulet of guardian spirit
 q - a ring of positive energy
Wands
 y - a wand of acid (8)
Scrolls
 h - a scroll of enchant armour {unknown}
 i - 2 scrolls of amnesia {unknown}
 j - a scroll of teleportation
 k - a scroll of identify {unknown}
 m - 3 scrolls of holy word {unknown}
 n - 3 scrolls of noise {unknown}
 s - a scroll of blinking {unknown}
 B - 2 scrolls of immolation {unknown}
Potions
 d - a potion of might
 g - a potion of brilliance {unknown}
 o - 2 potions of curing
 r - a potion of mutation {unknown}
 t - a potion of resistance {unknown}
 v - a potion of magic {unknown}
 w - a potion of attraction {unknown}
 z - a potion of cancellation {unknown}


   Skills:
 - Level 3.0 Fighting
 + Level 7.4 Long Blades
 - Level 7.2 Axes
 - Level 2.4 Armour
 - Level 2.4 Shields


You had 7 spell levels left.
You didn't know any spells.
Your spell library contained the following spells:

 Spells                   Type           Power      Damage    Failure   Level
 Frozen Ramparts          Ice            0%         1d2       98%         3
 Ice Form                 Ice/Tmut       0%         N/A       100%        4
 Summon Ice Beast         Ice/Summ       0%         N/A       100%        4


Dungeon Overview and Level Annotations

Branches:
Dungeon (5/15)
 Temple: D:4-7

Altars:

Shops:
D:1 *   D:2 ?   D:3 [   D:4 =

Annotations:
D:2 acquirement
D:4 good rings


Innate Abilities, Weirdness & Mutations

Your serpentine skin is tough. (AC +2)
You have supernaturally acute eyesight. (SInv)
Armour fits poorly on your strangely shaped body.
Your system is resistant to poisons. (rPois)
You cover ground very slowly.
You can spit poison.
You have a snake-like lower body.


Message History

Edmund hits you with a +0 flail of protection!
* * * LOW HITPOINT WARNING * * *
You block the orc's attack.
Huge Dmg: -11%(-8hp) hp: 24%(16hp) It was a potion of curing.
You feel better.
Edmund hits you with a +0 flail of protection!
* * * LOW HITPOINT WARNING * * *
The orc hits you with a +0 flail.
* * * LOW HITPOINT WARNING * * *
Huge Dmg: -8%(-5hp) hp: 16%(11hp)
You slice Edmund!!
You kill Edmund!
The orc hits you but does no damage.
Your Long Blades skill increases to level 7!
You barely miss the orc.
The orc is heavily wounded.
The orc hits you but does no damage.
You closely miss the orc.
The orc is heavily wounded.
The orc hits you with a +0 flail.
* * * LOW HITPOINT WARNING * * *
Huge Dmg: -5%(-4hp) hp: 11%(7hp)
You closely miss the orc.
The orc is heavily wounded.
The orc hits you but does no damage. x2
You barely miss the orc.
The orc is heavily wounded.
The orc hits you but does no damage.
Okay, then.
Press: ? - help, Shift-Dir - straight line, f - orc
Aim: an orc, wielding a +0 flail (heavily wounded)
The splash of poison hits the orc.
The orc is severely wounded.
The orc hits you with a +0 flail.
* * * LOW HITPOINT WARNING * * *
Huge Dmg: -6%(-4hp) hp: 6%(4hp)
You barely miss the orc.
The orc is severely wounded.
The orc hits you with a +0 flail.
You die...

....<......# #...
.........#.#######
#.##
..########.......#
#.## .######
##.#####.# #.##
......# #..#
#.######## #.##
.####.# #.##
#.##.....# #.## .#
#.# #.# #.##.###.#
#... .# #.# #.#
#[##.# #.###########
.# #.# #.# #o@).#
#............ .#
#.###†#########.#
#############
.####...........# #.#
##........#####.# #.#
#...>....# #.# #.#
###### ##........#
#.# #.# #.....
.(........# #.# #.#
#.###.
##.....[..#####.###.#
#.# #.
#..................#
#.###.


You could see an orc.

Vanquished Creatures
  Sigmund (D:5)
  Eustachio (D:4)
  Edmund (D:4)
  A water moccasin (D:5)
  A black bear (D:4)
  A phantom (D:4)
  A lemure (D:5)
  4 scorpions
  An orc priest (D:5)
  A bullfrog skeleton (D:4)
  Ijyb (D:5)
  An iguana (D:4)
  Natasha (D:4)
  3 orc wizards (D:5)
  11 adders
  A shadow imp (D:5)
  4 worms
  4 dart slugs
  10 orcs
  6 ball pythons
  7 endoplasms
  4 giant cockroaches
  9 goblins
  6 hobgoblins
  3 jackals (D:3)
  9 kobolds
  2 quokkas (D:1)
  8 bats (D:4)
  5 frilled lizards
  3 rats (D:2)
111 creatures vanquished.

Vanquished Creatures (others)
  11 fungi (D:4)
  3 plants (D:4)
14 creatures vanquished.

Grand Total: 125 creatures vanquished

Notes
Turn   | Place    | Note
-------+----------+-------------------------------------------
     0 | D:1      | RepHenryClay the Naga Fighter began the quest for the Orb.
     0 | D:1      | Reached XP level 1. HP: 21/21 MP: 1/1
   119 | D:1      | Reached XP level 2. HP: 13/28 MP: 2/2
   744 | D:1      | Found a faded altar of an unknown god.
   880 | D:1      | Found Ofuih's General Store.
   883 | D:1      | Bought a scroll of teleportation for 33 gold pieces
   984 | D:1      | Reached XP level 3. HP: 34/34 MP: 3/3
  1480 | D:2      | Reached XP level 4. HP: 42/42 MP: 4/4
  1770 | D:2      | Found Liosair's Magic Scroll Emporium.
  2622 | D:3      | Found Susuips's Antique Armour Shop.
  2629 | D:3      | Reached skill level 5 in Axes
  2678 | D:3      | Reached XP level 5. HP: 38/49 MP: 5/5
  3211 | D:4      | Noticed a phantom
  3235 | D:4      | Killed a phantom
  3493 | D:4      | Reached XP level 6. HP: 46/56 MP: 6/6
  3755 | D:4      | Found Edudonum's Jewellery Boutique.
  4128 | D:4      | Found the +7 Singing Sword {vorpal, sonic wave}
  4139 | D:4      | Reached XP level 7. HP: 62/62 MP: 7/7
  4180 | D:4      | Noticed Natasha
  4185 | D:4      | Killed Natasha
  4186 | D:4      | Reached skill level 1 in Long Blades
  4519 | D:5      | Entered Level 5 of the Dungeon
  4529 | D:5      | Noticed Ijyb
  4643 | D:5      | Killed Ijyb
  4661 | D:5      | Noticed Sigmund
  4675 | D:5      | Killed Sigmund
  4676 | D:5      | Reached skill level 5 in Long Blades
  4676 | D:5      | Reached XP level 8. HP: 41/69 MP: 8/8
  4871 | D:5      | Noticed Eustachio
  4931 | D:4      | Killed Eustachio
  5100 | D:5      | Noticed Edmund
  5116 | D:4      | Killed Edmund
  5122 | D:4      | Slain by an orc

Illustrated notes

Levels and vault maps discovered:
D:1:      minmay_arrival_radiant_lines, layout_basic,
          shapermc_ecumenical_altar_pompeii, serial_shops,
          nicolae_shop_behind_doors
D:2:      layout_basic, serial_shops, shop, minivault_14, minmay_door_square
D:3:      layout_basic, serial_shops, nicolae_shop_crystal
D:4:      old_forge, layout_loops_ring, serial_shops, nicolae_shop_behind_doors,
          uniq_natasha
D:5:      layout_gridville, uniq_sigmund, uniq_edmund, uniq_ijyb, uniq_pikel,
          uniq_eustachio

Skill      XL: |  1  2  3  4  5  6  7  8 |
---------------+-------------------------+-----
Axes           | 3 4 5 6 7 |  7.2
Long Blades    | 5 7 |  7.4
Fighting       | |  3.0
Armour         | |  2.4
Shields        | |  2.4

Action                   |  1- 3 |  4- 6 |  7- 9 || total
-------------------------+-------+-------+-------++-------
Melee: War axe           |    37 |       |       ||    37
       Hand axe          |    41 |   140 |       ||   181
       Double sword      |       |     1 |    64 ||    65
Throw: Dart              |       |       |     2 ||     2
 Abil: Spit Poison       |     6 |    12 |     4 ||    22
Evoke: Wand              |       |       |     1 ||     1
  Use: Potion            |       |       |     1 ||     1
 Stab: Held in net/web   |       |     1 |       ||     1
Armor: Scale mail        |    22 |    57 |    34 ||   113
Dodge: Dodged            |    29 |    45 |    24 ||    98
Block: Buckler           |    10 |    19 |     7 ||    36

Table legend: (Time is in decaauts)
 A = Elapsed time spent in this place.
 B = Non-inter-level travel time spent in this place.
 C = Inter-level travel time spent in this place.
 D = Time resting spent in this place.
 E = Time spent auto-exploring this place.
 F = Levels seen in this place.
 G = Mean time per level.
                   A        B        C        D        E       F      G
               +--------+--------+--------+--------+--------+-----+--------+
         Total |   6215 |   6120 |     95 |   1144 |   4152 |   5 | 1243.0 |
       Dungeon |   6215 |   6120 |     95 |   1144 |   4152 |   5 | 1243.0 |
               +--------+--------+--------+--------+--------+-----+--------+

Top non-repeatable levels by time:
     D:4: 2105 daAuts
     D:3: 1542 daAuts
     D:1: 1473 daAuts
     D:2: 941 daAuts
     D:5: 153 daAuts
